 Dungeon Crawl Stone Soup version 0.27-a0-1301-g128193abf8 (webtiles) character file.

Game seed: 16803505774199344097

14 flotson the Sneak (level 2, 0/24 HPs)
             Began as a Demonspawn Delver on June 17, 2021.
             Slain by a centaur (2 damage)
             ... on level 5 of the Dungeon.
             The game lasted 00:00:14 (277 turns).

flotson the Sneak (Demonspawn Delver)                Turns: 277, Time: 00:00:15

Health: 0/24       AC:  3    Str: 12    XL:     2   Next: 27%
Magic:  2/2        EV: 12    Int: 11    God:
Gold:   0          SH:  0    Dex: 14    Spells: 1/1 levels left

rFire    . . .     SeeInvis .   a - +0 hand axe
rCold    . . .     Faith    .   (no shield)
rNeg     . . .     Spirit   .   b - +0 leather armour
rPois    .         Reflect  .   (no helmet)
rElec    .         Harm     .   (no cloak)
rCorr    .         Rampage  .   (no gloves)
Will     .....                  (no boots)
Stlth    ++........             (no amulet)
HPRegen  0.08/turn              (no ring)
MPRegen  0.08/turn              (no ring)

@: hasted, very quick
A: talons 1
a: no special abilities


You were on level 5 of the Dungeon.
You visited 1 branch of the dungeon, and saw 1 of its levels.

Inventory:

Hand Weapons
 a - a +0 hand axe (weapon)
Armour
 b - a +0 leather armour (worn)
Wands
 g - a wand of digging (3)
Scrolls
 c - a scroll of fog
 d - a scroll of magic mapping
 e - a scroll of fear


   Skills:
 + Level 3.2 Fighting
 + Level 2.0 Axes
 + Level 0.6 Armour
 + Level 2.0 Dodging
 - Level 4.5 Stealth


You had one spell level left.
You didn't know any spells.
Your spell library was empty.

Dungeon Overview and Level Annotations

Branches:
Dungeon (5/15)
 Temple: D:4-7

Altars:


Innate Abilities, Weirdness & Mutations

You have sharp toenails.


Message History

The centaur is lightly wounded.
The centaur barely misses you. The centaur kicks you. The centaur hits you.
The centaur kicks you.
You hit the centaur but do no damage. You claw the centaur, but do no damage.
The centaur is lightly wounded.
The centaur hits you. The centaur completely misses you. The centaur hits you.
* * * LOW HITPOINT WARNING * * *
The centaur kicks you but does no damage.
You are too injured to fight recklessly!
You are too injured to fight recklessly!
You are too injured to fight recklessly!
You are too injured to fight recklessly!
You are too injured to fight recklessly!
You are too injured to fight recklessly!
You feel yourself speed up. The centaur barely misses you.
The centaur closely misses you.
Your leather armour prevents you from hitting the centaur.
Your kick misses the centaur.
The centaur is lightly wounded.
The centaur hits you.
* * * LOW HITPOINT WARNING * * *
The centaur kicks you.
* * * LOW HITPOINT WARNING * * *
You hit the centaur.
The centaur is moderately wounded.
The centaur closely misses you. The centaur barely misses you.
The centaur closely misses you.
The centaur kicks you but does no damage.
You hit the centaur. Your kick misses the centaur.
The centaur is heavily wounded.
The centaur barely misses you. x2
You barely miss the centaur. You claw the centaur.
The centaur is heavily wounded.
The centaur barely misses you. x2
You hit the centaur. You claw the centaur.
The centaur is almost dead.
The centaur hits you.
* * * LOW HITPOINT WARNING * * *
The centaur kicks you.
You die...

#......... .##....
...(.... ..#... ......
# #.#..######.#.. #.
#.#.. .......##
#.##.#.#####..#...##.
#....#.....#..#.>....
###.........#.....####
#...c@....#.#...#.#
#.#.#...#.#.....#.# #
#...#.#.#####.#
<....#.#.....#.###
#######.........#.#
........#####.###.#
#######.# #.......#
#.# #.#.###.#
#.###.#.....#


You could see a centaur.

Vanquished Creatures
  A hound zombie (D:5)
1 creature vanquished.

Notes
Turn   | Place    | Note
-------+----------+-------------------------------------------
     0 | D:5      | flotson the Demonspawn Delver began the quest for the Orb.
     0 | D:5      | Reached XP level 1. HP: 18/18 MP: 1/1
    58 | D:5      | Gained mutation: You have sharp toenails. [demonic
                  | ancestry]
    58 | D:5      | Reached XP level 2. HP: 7/24 MP: 2/2
   265 | D:5      | Noticed a centaur
   277 | D:5      | Slain by a centaur

Illustrated notes

Levels and vault maps discovered:
D:5:      layout_basic, minmay_temple_entry_enclosed_plants,
          minmay_fractal_squares_gapless_5

Skill      XL: |  1 |
---------------+----+-----
Axes           | 2 |  2.0
Dodging        | 2 |  2.0
Fighting       | |  3.2
Armour         | |  0.6
Stealth        | |  4.5

Action                   || total
-------------------------++-------
Melee: Hand axe          ||    22
       Kick              ||     3
  Use: Potion            ||     1
Armor: Leather armour    ||     8
Dodge: Dodged            ||    21

Table legend: (Time is in decaauts)
 A = Elapsed time spent in this place.
 B = Non-inter-level travel time spent in this place.
 C = Inter-level travel time spent in this place.
 D = Time resting spent in this place.
 E = Time spent auto-exploring this place.
 F = Levels seen in this place.
 G = Mean time per level.
                   A        B        C        D        E       F      G
               +--------+--------+--------+--------+--------+-----+--------+
         Total |    279 |    279 |      0 |      0 |    247 |   1 |  279.0 |
       Dungeon |    279 |    279 |      0 |      0 |    247 |   1 |  279.0 |
               +--------+--------+--------+--------+--------+-----+--------+

Top non-repeatable levels by time:
     D:5: 279 daAuts
